 Dungeon Crawl Stone Soup version 0.18.1-50-g88ac8fd (webtiles) character file.

9135 Galewin the Severer (level 11, -4/123 HPs)
             Began as a Minotaur Berserker on Oct 11, 2016.
             Was a High Priest of Trog.
             Slain by a spriggan baker
             ... wielding a +0 dagger
              (5 damage)
             ... on level 10 of the Dungeon on Oct 24, 2016.
             The game lasted 00:23:03 (6911 turns).

Galewin the Severer (Minotaur Berserker)            Turns: 6911, Time: 00:23:04

Health: -4/123     AC: 19    Str: 31    XL:     11   Next: 19%
Magic:  10/10      EV:  9    Int:  4    God:    Trog [*****.]
Gold:   50         SH:  0    Dex:  9    Spells: 0 memorised, 10 levels left

rFire  . . .     SeeInvis .     D - +0 war axe (elec)
rCold  + . .     Gourm    .     p - +0 plate armour
rNeg   . . .     Faith    .     (no shield)
rPois  .         Spirit   .     (helmet restricted)
rElec  +         Dismiss  .     J - +1 cloak of the Empire {rElec rC+}
rCorr  .         Reflect  .     B - +0 pair of gloves
SustAt .         Harm     .     (no boots)
MR     .....                    (no amulet)
Stlth  ..........               (no ring)
                                (no ring)

@: berserking, lethally poisoned (-4 -> -8), very quick, not resistant to
hostile enchantments, extremely unstealthy
A: retaliatory headbutt, horns 2
a: Berserk, Trog's Hand, Brothers in Arms, Burn Spellbooks, Renounce Religion


You were on level 10 of the Dungeon.
You worshipped Trog.
Trog was extremely pleased with you.
You were hungry.

You visited 1 branch of the dungeon, and saw 10 of its levels.

You collected 373 gold pieces.
You spent 323 gold pieces at shops.

Inventory:

Hand Weapons
 D - a +0 war axe of electrocution (weapon)
Armour
 p - a +0 plate armour (worn)
 y - a +0 shield
 B - a +0 pair of gloves (worn)
 J - the +1 cloak of the Empire (worn) {rElec rC+}
   (You bought it in a shop on level 10 of the Dungeon)

   It protects you from cold.
   It insulates you from electricity.
Jewellery
 C - an uncursed ring of protection from cold
Wands
 r - a wand of confusion (38/48)
 t - a wand of slowing (19/48)
 v - a wand of heal wounds (9/9)
Scrolls
 a - a scroll of amnesia {unknown}
 d - 8 scrolls of identify
 g - 2 scrolls of magic mapping
 j - 2 scrolls of recharging
 n - 2 scrolls of remove curse
 o - 3 scrolls of fear
 s - 2 scrolls of teleportation
 z - a scroll of noise {unknown}
 H - 2 scrolls of enchant armour {unknown}
 I - a scroll of torment {unknown}
Potions
 b - 2 potions of brilliance {unknown}
 e - a potion of magic {unknown}
 f - 2 potions of agility {unknown}
 k - 4 potions of lignification {unknown}
 l - a potion of ambrosia {unknown}
 q - 3 potions of curing {unknown}
 u - a potion of resistance {unknown}
 w - a potion of cancellation {unknown}
 x - a potion of degeneration {unknown}
 A - 2 potions of berserk rage {unknown}
 E - a potion of beneficial mutation {unknown}
 F - 2 potions of flight {unknown}
Comestibles
 c - 3 bread rations
 h - 6 meat rations
 i - 5 fruits
 m - 2 beef jerkies


   Skills:
 - Level 3.6 Fighting
 * Level 16.6 Axes
 + Level 11.5 Armour
 - Level 2.1 Dodging


You had 10 spell levels left.
You didn't know any spells.

Dungeon Overview and Level Annotations

Branches:
Dungeon (10/15)            Temple (0/1) D:6            Lair (0/8) D:9
    Orc: D:9-12

Altars:
Ashenzari
Elyvilon
Gozag
Kikubaaqudgha
Nemelex Xobeh
Okawaru
Pakellas
Qazlal
Sif Muna
Trog
Vehumet
Yredelemnul
Zin
The Shining One

Shops:
D:6 !   D:9 ?   D:10 [


Innate Abilities, Weirdness & Mutations

You reflexively headbutt those who attack you in melee.
You have a pair of horns on your head.


Message History

* * * LOW HITPOINT WARNING * * *
You hit Erica but do no damage. You headbutt Erica!!
Erica is almost dead.
You closely miss Erica. You headbutt Erica!
You kill Erica!
Trog accepts your kill.
Trog appreciates your killing of a magic user.
* * * LOW HITPOINT WARNING * * *
You feel sick.
Your plate armour prevents you from hitting the spriggan baker.
The spriggan baker hits you but does no damage.
You closely miss the spriggan baker.
Your headbutt misses the spriggan baker.
* * * LOW HITPOINT WARNING * * *
You feel sick.
You slice the spriggan baker!!
Your headbutt misses the spriggan baker.
The spriggan baker is severely wounded.
The spriggan baker hits you with a dagger.
You die...

## %% .## ####
.. #####..# #
##'####......# #
#i)##.....#..# #
#@###.#.#....# #
#.....#.####.# #
###.###.####.# #
#.###......# #
#.##.......#####
..##...........#
####.......###.#
#........##.#
#............


You could see a spriggan baker.

Vanquished Creatures
  Erica (D:10)
  The ghost of olma the Sharpshooter, a novice MiHu of Trog (D:10)
  A hill giant (D:10)
  Joseph (D:9)
  A komodo dragon (D:10)
  A troll (D:10)
  The ghost of olma the Quickloader, an amateur MiHu of Trog (D:4)
  A two-headed ogre (D:8)
  Sigmund (D:6)
  8 yaks
  Grum (D:9)
  A basilisk (D:9)
  A hungry ghost (D:10)
  A hippogriff (D:10)
  2 porcupines (D:9)
  A sky beast (D:10)
  A black bear (D:9)
  An orc warrior (D:7)
  A phantom (D:8)
  An ice beast (D:8)
  3 wolves (D:9)
  4 ogres
  3 centaurs
  3 crocodiles
  2 big kobolds (D:10)
  A giant frog (D:6)
  A gnoll sergeant (D:3)
  A scorpion (D:7)
  A water moccasin zombie (D:5)
  A water moccasin skeleton (D:7)
  5 killer bees
  7 howler monkeys
  2 crimson imps
  A giant frog zombie (D:7)
  A wasp zombie (D:5)
  2 centaur zombies
  3 giant frog skeletons
  An orc priest (D:6)
  9 orc wizards
  8 hounds
  2 jellies
  A centaur skeleton (D:10)
  5 iguanas
  8 worker ants
  Natasha (D:2)
  A hound skeleton (D:5)
  12 gnolls
  12 adders
  A river rat (D:9)
  3 shadow imps
  2 adder skeletons (D:6)
  An adder zombie (D:10)
  5 dart slugs
  10 giant geckos
  27 orcs
  A ball python (D:6)
  5 bats
  8 giant cockroaches
  9 goblins
  4 hobgoblins (D:1)
  4 jackals
  8 quokkas
  A giant gecko skeleton (D:7)
  6 giant newts
  8 kobolds
  A quokka skeleton (D:5)
  6 rats
  A bush (D:6)
  A plant (D:9)
241 creatures vanquished.

Vanquished Creatures (collateral kills)
  2 yaks (D:9)
  A river rat (D:9)
3 creatures vanquished.

Vanquished Creatures (others)
  A fungus (D:9)
1 creature vanquished.

Grand Total: 245 creatures vanquished

Notes
Turn   | Place    | Note
--------------------------------------------------------------
     0 | D:1      | Galewin the Minotaur Berserker began the quest for the Orb.
     0 | D:1      | Reached XP level 1. HP: 19/19 MP: 0/0
   133 | D:1      | Reached skill level 4 in Axes
   172 | D:1      | Reached XP level 2. HP: 25/26 MP: 1/1
   350 | D:1      | Reached skill level 5 in Axes
   455 | D:1      | Reached XP level 3. HP: 31/31 MP: 2/2
   483 | D:1      | Reached ** piety under Trog
   759 | D:2      | Reached skill level 6 in Axes
   759 | D:2      | Reached XP level 4. HP: 39/39 MP: 3/3
   862 | D:2      | Noticed Natasha
   873 | D:2      | Killed Natasha
   951 | D:2      | Found a stormy altar of Qazlal.
  1057 | D:2      | Found a shattered altar of Ashenzari.
  1074 | D:2      | Found a basalt altar of Yredelemnul.
  1075 | D:2      | Found a bloodstained altar of Trog.
  1443 | D:3      | Noticed a gnoll sergeant
  1449 | D:3      | Reached XP level 5. HP: 44/45 MP: 4/4
  1454 | D:3      | Reached skill level 7 in Axes
  1611 | D:3      | Reached *** piety under Trog
  1643 | D:3      | Reached XP level 6. HP: 47/51 MP: 5/5
  1901 | D:4      | Reached skill level 8 in Axes
  1925 | D:4      | Noticed olma's ghost (amateur MiHu)
  1943 | D:4      | Killed olma's ghost
  1943 | D:4      | Reached XP level 7. HP: 57/57 MP: 6/6
  1971 | D:4      | Reached skill level 9 in Axes
  1975 | D:4      | Reached skill level 5 in Armour
  2179 | D:4      | Found a glowing silver altar of Zin.
  2363 | D:4      | Reached skill level 10 in Axes
  2514 | D:5      | Entered Level 5 of the Dungeon
  2565 | D:5      | Reached XP level 8. HP: 15/64 MP: 7/7
  2808 | D:5      | Received a gift from Trog
  3119 | D:5      | Reached skill level 11 in Axes
  3232 | D:5      | Reached **** piety under Trog
  3388 | D:6      | Found a staircase to the Ecumenical Temple.
  3713 | D:6      | Found a glowing golden altar of the Shining One.
  3722 | D:6      | Noticed Sigmund
  3727 | D:6      | Reached skill level 12 in Axes
  3731 | D:6      | Killed Sigmund
  3731 | D:6      | Reached XP level 9. HP: 70/70 MP: 8/8
  3818 | D:6      | Found Baat's Distillery.
  3922 | D:6      | Found a radiant altar of Vehumet.
  3941 | D:6      | Found an ancient bone altar of Kikubaaqudgha.
  3942 | D:6      | Found a deep blue altar of Sif Muna.
  4195 | D:6      | Found an iron altar of Okawaru.
  4343 | D:7      | Found a sparkling altar of Nemelex Xobeh.
  4383 | D:7      | Reached ***** piety under Trog
  4443 | D:7      | Found an opulent altar of Gozag.
  4925 | D:7      | Found a white marble altar of Elyvilon.
  4925 | D:7      | Found an oddly glowing altar of Pakellas.
  4943 | D:7      | Reached skill level 13 in Axes
  5887 | D:9      | Received a gift from Trog
  5887 | D:9      | Reached skill level 14 in Axes
  5898 | D:9      | Reached XP level 10. HP: 68/77 MP: 9/9
  5908 | D:9      | Reached skill level 10 in Armour
  5945 | D:9      | Found a staircase to the Lair.
  5954 | D:9      | Reached skill level 15 in Axes
  6071 | D:9      | Noticed Grum
  6085 | D:9      | Killed Grum
  6116 | D:9      | Noticed Joseph
  6127 | D:9      | Killed Joseph
  6156 | D:9      | Found Cuaxues's Magic Scroll Boutique.
  6370 | D:10     | Entered Level 10 of the Dungeon
  6415 | D:10     | Noticed a hill giant
  6422 | D:10     | Killed a hill giant
  6470 | D:10     | Reached skill level 16 in Axes
  6548 | D:10     | Noticed olma's ghost (novice MiHu)
  6576 | D:10     | Killed olma's ghost
  6576 | D:10     | Reached XP level 11. HP: 64/82 MP: 10/10
  6673 | D:10     | Found Diuwowni's Antique Armour Shop.
  6696 | D:10     | Bought a translucent cloak for 323 gold pieces
  6701 | D:10     | Identified the +1 cloak of the Empire {rElec rC+} (You bought it in a shop on level 10 of the Dungeon)
  6903 | D:10     | Noticed Erica
  6906 | D:10     | HP: 4/123 [Erica/scimitar of flaming (4)]
  6908 | D:10     | Killed Erica
  6910 | D:10     | HP: 1/123 [poisoned by Erica (bolt of poison)]
  6911 | D:10     | Slain by a spriggan baker

Skill      XL: |  1  2  3  4  5  6  7  8  9 10 |
---------------+-------------------------------+-----
Axes           | 4 5 6 7 8 10 12 14 16 | 16.6
Armour         | 3 4 6 7 9 11 | 11.5
Fighting       | |  3.6
Dodging        | |  2.1

Action                   |  1- 3 |  4- 6 |  7- 9 | 10-12 || total
-------------------------+-------+-------+-------+-------++-------
Melee: Hand axe          |    60 |   102 |   368 |       ||   530
       Headbutt          |    16 |    18 |    81 |    40 ||   155
       War axe           |       |       |   112 |   181 ||   293
Invok: Berserk           |     1 |     3 |     9 |     4 ||    17
       Trog's Hand       |       |       |     1 |       ||     1
       Burn Spellbooks   |       |       |     2 |       ||     2
       Brothers in Arms  |       |       |     1 |       ||     1
  Use: Scroll            |       |       |    12 |     1 ||    13
       Potion            |       |       |       |     1 ||     1
 Stab: Sleeping          |     2 |       |       |       ||     2
  Eat: Chunk             |       |     6 |    21 |     8 ||    35
       Pizza             |       |       |     1 |       ||     1
       Beef jerky        |       |       |       |     2 ||     2
Armor: Animal skin       |     6 |       |       |       ||     6
       Chain mail        |       |    16 |       |       ||    16
       Plate armour      |       |    49 |   260 |    83 ||   392
Dodge: Dodged            |    41 |    29 |   148 |    38 ||   256
